 Dungeon Crawl Stone Soup version 0.27-a0-1232-gc6a4cbde82 (webtiles) character file.

Game seed: 12109074536777719654

421 mordus the Ruffian (level 6, -1/59 HPs)
             Began as a Troll Monk on June 8, 2021.
             Slain by a gnoll
             ... wielding a +0 whip
              (3 damage)
             ... while paralysed by Grinder
             ... on level 3 of the Dungeon.
             The game lasted 00:01:34 (1169 turns).

mordus the Ruffian (Troll Monk)                     Turns: 1169, Time: 00:01:34

Health: -1/59      AC:  4    Str: 20    XL:     6   Next: 62%
Magic:  5/5        EV:  1    Int:  6    God:
Gold:   103        SH:  0    Dex: 14    Spells: 5/5 levels left

rFire    . . .     SeeInvis .     - Unarmed
rCold    . . .     Faith    .   (no shield)
rNeg     . . .     Spirit   .   a - +0 robe
rPois    .         Reflect  .   (helmet restricted)
rElec    .         Harm     .   (no cloak)
rCorr    .         Rampage  .   (gloves unavailable)
Will     .....                  (boots unavailable)
Stlth    ++........             (no amulet)
HPRegen  1.19/turn              (no ring)
MPRegen  0.09/turn              (no ring)

@: paralysed
A: large, unfitting armour, claws 3, regeneration 1, shaggy fur 1, tough skin 1
a: no special abilities


You were on level 3 of the Dungeon.
You visited 1 branch of the dungeon, and saw 3 of its levels.

You collected 103 gold pieces.

Inventory:

Hand Weapons
 c - a +3 flail
Armour
 a - a +0 robe (worn)
Scrolls
 b - a scroll of enchant weapon {unknown}
 d - a scroll of brand weapon {unknown}
 e - a scroll of identify {unknown}
 g - a scroll of magic mapping {unknown}
 h - a scroll of amnesia {unknown}
 i - a scroll of summoning {unknown}


   Skills:
 - Level 2.4 Fighting
 - Level 2.4 Dodging
 - Level 1.0 Stealth
 + Level 7.6 Unarmed Combat


You had 5 spell levels left.
You didn't know any spells.
Your spell library was empty.

Dungeon Overview and Level Annotations

Branches:
Dungeon (3/15)

Altars:

Annotations:
D:3 1 runed translucent door, Grinder


Innate Abilities, Weirdness & Mutations

You are too large for most types of armour.
You have claws for hands.
Your natural rate of healing is unusually fast.
You are covered in fur. (AC +1)
You have tough skin. (AC +1)


Message History

You hear a shout!
Grinder hits you.
You writhe in agony.
The gnoll throws a throwing net.
The throwing net hits you.
You become entangled in the net!
You are held in a net!
You are held in a net!
You are held in a net!
You are held in a net!
Unknown command.
You tear a large gash into the net.
Grinder hits you but does no damage.
You struggle against the net.
Grinder barely misses you.
You rip the net and break free!
Grinder gestures at you.
You barely resist. You claw Grinder!
Grinder is heavily wounded.
Grinder gestures at you. Pain shoots through your body!
You claw Grinder!
Grinder is almost dead.
A gnoll comes into view. It is wielding a +0 flail.
Grinder hits you.
You writhe in agony.
You closely miss Grinder.
Grinder is almost dead.
Grinder gestures at you.
You suddenly lose the ability to move!
The gnoll hits you with a +0 whip. Grinder hits you!
You writhe in agony.
The gnoll hits you with a +0 whip.
* * * LOW HITPOINT WARNING * * *
Grinder hits you.
* * * LOW HITPOINT WARNING * * *
The gnoll hits you from afar with a +0 halberd.
* * * LOW HITPOINT WARNING * * *
The gnoll hits you with a +0 whip.
* * * LOW HITPOINT WARNING * * *
Grinder gestures at you. You resist with significant effort.
The gnoll hits you from afar with a +0 halberd!
* * * LOW HITPOINT WARNING * * *
The gnoll hits you with a +0 whip.
You die...

....# ..... #.(...####.
#...#.. ....#.........
#...#. ...#.......# #..g.
§..^......# #...# #......#
#...# #......# #...#
#......#######
##...#########..5##.#.....#
............g.g.@.#.#.....#
.............#.#g.........#
.........#..##......#.<...#
##..)#####..##.##.##......#
#...)).....##.##.#...#####
##†..######.##.##.##†##
......# #.....>.#≈≈≈#
.##.#.# ####.####≈≈≈# .
#...# #... #≈≈≈#


You could see Grinder and 3 gnolls.

Vanquished Creatures
  The ghost of bande the Shield-Bearer, a novice GrFi (D:3)
  A bullfrog (D:3)
  A water moccasin zombie (D:3)
  2 river rats (D:3)
  An adder (D:3)
  A dart slug (D:1)
  3 orcs (D:3)
  2 endoplasms
  2 goblins (D:1)
  3 hobgoblins
  3 kobolds
  A quokka (D:3)
  2 ball pythons
  3 bats
  3 frilled lizards
  2 rats
31 creatures vanquished.

Notes
Turn   | Place    | Note
-------+----------+-------------------------------------------
     0 | D:1      | mordus the Troll Monk began the quest for the Orb.
     0 | D:1      | Reached XP level 1. HP: 22/22 MP: 0/0
   263 | D:1      | Found a faded altar of an unknown god.
   280 | D:1      | Reached XP level 2. HP: 29/29 MP: 1/1
   913 | D:2      | Reached skill level 4 in Unarmed Combat
   996 | D:3      | Found a runed translucent door.
   996 | D:3      | Noticed a bullfrog
   997 | D:3      | Noticed bande's ghost (novice GrFi)
  1009 | D:3      | Killed a bullfrog
  1010 | D:3      | Reached skill level 5 in Unarmed Combat
  1010 | D:3      | Reached XP level 3. HP: 36/36 MP: 2/2
  1010 | D:3      | Reached XP level 4. HP: 44/44 MP: 3/3
  1021 | D:3      | Killed bande's ghost
  1022 | D:3      | Reached skill level 7 in Unarmed Combat
  1022 | D:3      | Reached XP level 5. HP: 50/50 MP: 4/4
  1022 | D:3      | Reached XP level 6. HP: 59/59 MP: 5/5
  1053 | D:3      | Found a runed translucent door.
  1145 | D:3      | Noticed Grinder
  1165 | D:3      | Paralysed by Grinder for 4 turns
  1169 | D:3      | HP: 2/59 [gnoll/+0 halberd (7)]
  1169 | D:3      | Slain by a gnoll

Illustrated notes

Levels and vault maps discovered:
D:1:      nzn_arrival_crosshair, layout_loops_cross,
          chequers_ecumenical_altar_simple
D:2:      layout_basic
D:3:      layout_loops_cross, lemuel_tele_altar, ebering_ghost_sewer_f,
          uniq_grinder, uniq_terence, uniq_crazy_yiuf_cottage

Skill      XL: |  1  2  3  4 |
---------------+-------------+-----
Unarmed Combat | 5 7 |  7.6
Fighting       | |  2.4
Dodging        | |  2.4
Stealth        | |  1.0

Action                   |  1- 3 |  4- 6 || total
-------------------------+-------+-------++-------
Melee: Unarmed           |    41 |    45 ||    86
  Use: Potion            |     2 |       ||     2
 Stab: Sleeping          |     2 |       ||     2
Armor: Robe              |    21 |     8 ||    29
       Skin              |     3 |    20 ||    23
Dodge: Dodged            |    21 |     5 ||    26

Table legend: (Time is in decaauts)
 A = Elapsed time spent in this place.
 B = Non-inter-level travel time spent in this place.
 C = Inter-level travel time spent in this place.
 D = Time resting spent in this place.
 E = Time spent auto-exploring this place.
 F = Levels seen in this place.
 G = Mean time per level.
                   A        B        C        D        E       F      G
               +--------+--------+--------+--------+--------+-----+--------+
         Total |   1164 |   1124 |     40 |     20 |    883 |   3 |  388.0 |
       Dungeon |   1164 |   1124 |     40 |     20 |    883 |   3 |  388.0 |
               +--------+--------+--------+--------+--------+-----+--------+

Top non-repeatable levels by time:
     D:1: 598 daAuts
     D:2: 394 daAuts
     D:3: 171 daAuts
